PUBAAA
MILLBRAE FLEAS @ BORDER CITY BUCK$
06/13/1972
 
TOP OF THE 1ST
Millbrae Fleas batting - Pitching for Border City Buck$ : LHP Jesús Veytia
Pitching: LHP Jesús Veytia
Batting: RHB Ronald Williams 0-0: Ball
1-0: Foul Ball, location: 25F
1-1: Foul Ball, location: 2F
1-2: Ball
2-2: Ball
3-2: SINGLE (Groundball, 34D, EV 96.9 MPH)
Batting: LHB Bill Baldwin 0-0: Ball
1-0: Ball
2-0: Ball
3-0: Called Strike
3-1: Base on Balls
Ronald Williams to second
Batting: LHB Sergio García 0-0: Called Strike
0-1: Ball
1-1: SINGLE (Line Drive, 9LS, EV 90.6 MPH)
Ronald Williams to third
Bill Baldwin to second
Batting: RHB Nathan Martínez 0-0: Called Strike
0-1: Foul Ball, location: 9LMF
0-2: Ball
1-2: Strikes out swinging
Batting: RHB Tomás Hernández 0-0: Ball
1-0: Ball
2-0: Ball
3-0: Called Strike
3-1: Base on Balls
Ronald Williams scores
Bill Baldwin to third
Sergio García to second
Batting: LHB Harvey Moneur 0-0: Ball
1-0: Foul Ball, location: 25F
1-1: Foul Ball, location: 3F
1-2: Ball
2-2: Foul Ball, location: 7LDF
2-2: Ball
3-2: Foul Ball, location: 23F
3-2: Base on Balls
Bill Baldwin scores
Sergio García to third
Tomás Hernández to second
Batting: RHB Jeff Bailey 0-0: Called Strike
0-1: Foul Ball, location: 3FF
0-2: Ball
1-2: Fielders Choice at 3rd, U5 (Groundball, 5L, EV 85.6 MPH)
Sergio García scores
Harvey Moneur to second
Batting: RHB Wally Ford 0-0: Ball
1-0: Ball
Passed Ball!
Harvey Moneur to third
Jeff Bailey to second
2-0: Ball
3-0: Base on Balls
Batting: RHB Rob Dyer 0-0: Called Strike
0-1: Ball
1-1: Ball
2-1: Ball
3-1: Called Strike
3-2: Foul Ball, location: 2F
3-2: Base on Balls
Harvey Moneur scores
Jeff Bailey to third
Wally Ford to second
Batting: RHB Ronald Williams 0-0: Ground out 4-3 (Groundball, 4, EV 102.5 MPH)
Top of the 1st over - 4 runs, 2 hits, 0 errors, 3 left on base; Millbrae 4 - Border City 0
BOTTOM OF THE 1ST
Border City Buck$ batting - Pitching for Millbrae Fleas : RHP Eric Dukes
Pitching: RHP Eric Dukes
Batting: LHB Dave May 0-0: Called Strike
0-1: Swinging Strike
0-2: Ball
1-2: Ball
2-2: Ball
3-2: Ground out 4-3 (Groundball, 4, EV 93.8 MPH)
Batting: RHB Bob Daniel 0-0: Ball
1-0: Ball
2-0: Foul Ball, location: 2F
2-1: Foul Ball, location: 25F
2-2: Strikes out swinging
Batting: LHB Tony Solaita 0-0: Ball
1-0: Ball
2-0: Swinging Strike
2-1: Ball
3-1: Base on Balls
Batting: LHB Graig Nettles 0-0: Called Strike
0-1: Fielders Choice at 2nd, 5-4 (Groundball, 5L, EV 93.8 MPH)
Bottom of the 1st over - 0 runs, 0 hits, 0 errors, 1 left on base; Millbrae 4 - Border City 0
TOP OF THE 2ND
Millbrae Fleas batting - Pitching for Border City Buck$ : LHP Jesús Veytia
Batting: LHB Bill Baldwin 0-0: Called Strike
0-1: Ball
1-1: Swinging Strike
1-2: Ball
2-2: Ball
3-2: Base on Balls
Batting: LHB Sergio García 0-0: Foul Ball, location: 7LMF
0-1: Called Strike
0-2: Foul Ball, location: 2F
0-2: Ball
1-2: Foul Ball, location: 2F
1-2: Foul Ball, location: 23F
1-2: Foul Ball, location: 7LDF
1-2: Hit by Pitch
Bill Baldwin to second
Batting: RHB Nathan Martínez 0-0: Ball
1-0: Ball
2-0: DOUBLE (Flyball, 78XD, EV 107.5 MPH)
Bill Baldwin scores
Sergio García to third
Batting: RHB Tomás Hernández 0-0: Ball
1-0: Ball
2-0: Called Strike
2-1: Called Strike
2-2: DOUBLE (Flyball, 78XD, EV 102.5 MPH)
Sergio García scores
Nathan Martínez scores
Pitching: RHP Keith Courtney
Batting: LHB Harvey Moneur 0-0: Called Strike
0-1: Ground out 3-1 (Groundball, 34, EV 103.1 MPH)
Tomás Hernández to third
Batting: RHB Jeff Bailey 0-0: Ball
1-0: Ball
2-0: Ball
3-0: Called Strike
3-1: Swinging Strike
3-2: Base on Balls
Batting: RHB Wally Ford 0-0: Ground out 6-3 (Groundball, 6S, EV 65.6 MPH)
Tomás Hernández scores
Jeff Bailey to second
Batting: RHB Rob Dyer 0-0: Ball
1-0: Ball
2-0: Called Strike
2-1: Called Strike
2-2: Ball
3-2: Foul Ball, location: 2F
3-2: Strikes out swinging
Top of the 2nd over - 4 runs, 2 hits, 0 errors, 1 left on base; Millbrae 8 - Border City 0
BOTTOM OF THE 2ND
Border City Buck$ batting - Pitching for Millbrae Fleas : RHP Eric Dukes
Batting: RHB Bill Melton 0-0: Ball
1-0: Swinging Strike
1-1: Swinging Strike
1-2: Ball
2-2: Ball
3-2: Strikes out swinging
Batting: LHB José Féliz 0-0: Called Strike
0-1: Ball
1-1: Ball
2-1: Ball
3-1: Swinging Strike
3-2: SINGLE (Groundball, 56S, EV 68.1 MPH) (infield hit)
Batting: RHB Ron Hunt 0-0: Called Strike
0-1: Hit by Pitch
José Féliz to second
Batting: LHB Juan Torres 0-0: Ball
1-0: Fly out, F8 (Flyball, 8LD, EV 100.0 MPH)
Batting: LHB Terence Ellison 0-0: Called Strike
0-1: Fly out, F9 (Flyball, 89XD, EV 108.1 MPH)
Bottom of the 2nd over - 0 runs, 1 hit, 0 errors, 2 left on base; Millbrae 8 - Border City 0
TOP OF THE 3RD
Millbrae Fleas batting - Pitching for Border City Buck$ : RHP Keith Courtney
Batting: RHB Ronald Williams 0-0: Ball
1-0: Called Strike
1-1: Fly out, F7 (Flyball, 7, EV 85.0 MPH)
Batting: LHB Bill Baldwin 0-0: Ball
1-0: Ball
2-0: Ball
3-0: Base on Balls
Batting: LHB Sergio García 0-0: Ball
1-0: Ball
2-0: Ball
3-0: Called Strike
3-1: Fly out, F8 (Flyball, 89D, EV 74.4 MPH)
Batting: RHB Nathan Martínez 0-0: Ball
1-0: Called Strike
1-1: Ball
2-1: Ball
3-1: Foul Ball, location: 9LDF
3-2: Base on Balls
Bill Baldwin to second
Batting: RHB Tomás Hernández 0-0: Called Strike
0-1: Ball
Wild Pitch!
Bill Baldwin to third
Nathan Martínez to second
1-1: Swinging Strike
1-2: Strikes out looking
Top of the 3rd over - 0 runs, 0 hits, 0 errors, 2 left on base; Millbrae 8 - Border City 0
BOTTOM OF THE 3RD
Border City Buck$ batting - Pitching for Millbrae Fleas : RHP Eric Dukes
Batting: LHB Dave May 0-0: Ball
1-0: SINGLE (Line Drive, 8LS, EV 96.9 MPH)
Batting: RHB Bob Daniel 0-0: Called Strike
0-1: Ball
1-1: Ball
2-1: Fly out, F6 (Popup, 6M, EV 58.1 MPH)
Batting: LHB Tony Solaita 0-0: Ball
1-0: Called Strike
Dave May steals 2nd base
1-1: Ball
2-1: Swinging Strike
2-2: Ball
3-2: Strikes out swinging, 2-3 out at first.
Batting: LHB Graig Nettles 0-0: Ball
1-0: Ball
2-0: Ground out 4-3 (Groundball, 34D, EV 105.0 MPH)
Bottom of the 3rd over - 0 runs, 1 hit, 0 errors, 1 left on base; Millbrae 8 - Border City 0
TOP OF THE 4TH
Millbrae Fleas batting - Pitching for Border City Buck$ : RHP Keith Courtney
Batting: LHB Harvey Moneur 0-0: Ball
1-0: Foul Ball, location: 23F
1-1: Called Strike
1-2: Strikes out swinging
Batting: RHB Jeff Bailey 0-0: Swinging Strike
0-1: Ball
1-1: Foul Ball, location: 9LMF
1-2: Ball
2-2: Ground out U3 (Groundball, 3L, EV 101.3 MPH)
Batting: RHB Wally Ford 0-0: Called Strike
0-1: Swinging Strike
0-2: Foul Ball, location: 2F
0-2: Foul Ball, location: 2F
0-2: Foul Ball, location: 9LSF
0-2: Ball
1-2: Foul Ball, location: 3DF
1-2: SOLO HOME RUN (Flyball, 9D, EV 92.5 MPH), Distance : 363 ft
Batting: RHB Rob Dyer 0-0: SINGLE (Flyball, 78S, EV 87.5 MPH)
Batting: RHB Ronald Williams 0-0: Called Strike
0-1: Foul Ball, location: 2F
0-2: Ball
1-2: Ball
2-2: Strikes out swinging
Top of the 4th over - 1 run, 2 hits, 0 errors, 1 left on base; Millbrae 9 - Border City 0
BOTTOM OF THE 4TH
Border City Buck$ batting - Pitching for Millbrae Fleas : RHP Eric Dukes
Batting: RHB Bill Melton 0-0: Called Strike
0-1: Ball
1-1: Called Strike
1-2: Ball
2-2: Strikes out swinging
Batting: LHB José Féliz 0-0: Ball
1-0: Ball
2-0: Foul Ball, location: 2F
2-1: Foul Ball, location: 3SF
2-2: Strikes out swinging
Batting: RHB Ron Hunt 0-0: Ball
1-0: Fly out, F9 (Flyball, 9, EV 93.1 MPH)
Bottom of the 4th over - 0 runs, 0 hits, 0 errors, 0 left on base; Millbrae 9 - Border City 0
TOP OF THE 5TH
Millbrae Fleas batting - Pitching for Border City Buck$ : RHP Keith Courtney
Pitching: RHP Dick Calmus
Batting: LHB Bill Baldwin 0-0: Ball
1-0: Foul Ball, location: 2F
1-1: Ball
2-1: Ball
3-1: Base on Balls
Batting: LHB Sergio García 0-0: Ball
1-0: Ball
2-0: Swinging Strike
2-1: Foul Ball, location: 25F
2-2: Ball
3-2: Foul Ball, location: 2RF
3-2: Strikes out swinging
Batting: RHB Nathan Martínez 0-0: Ball
1-0: Ball
2-0: Ball
3-0: Called Strike
3-1: Foul Ball, location: 2LF
3-2: Base on Balls
Bill Baldwin to second
Batting: RHB Tomás Hernández 0-0: Called Strike
0-1: Grounds into double play, 6-4-3 (Groundball, 6, EV 87.5 MPH)
Top of the 5th over - 0 runs, 0 hits, 0 errors, 1 left on base; Millbrae 9 - Border City 0
BOTTOM OF THE 5TH
Border City Buck$ batting - Pitching for Millbrae Fleas : RHP Eric Dukes
Batting: LHB Juan Torres 0-0: Ball
1-0: Called Strike
1-1: Ball
2-1: Swinging Strike
2-2: Ground out 6-3 (Groundball, 6, EV 105.6 MPH)
Batting: LHB Terence Ellison 0-0: Ball
1-0: SINGLE (Groundball, 4MS, EV 61.9 MPH) (infield hit)
Batting: LHB Dave May 0-0: Ball
1-0: Ball
2-0: Ball
3-0: Base on Balls
Terence Ellison to second
Batting: RHB Bob Daniel 0-0: Ball
1-0: Foul Ball, location: 25F
1-1: Ball
2-1: Ball
3-1: Called Strike
3-2: Base on Balls
Terence Ellison to third
Dave May to second
Batting: LHB Tony Solaita 0-0: Called Strike
0-1: Swinging Strike
0-2: Foul Ball, location: 2F
0-2: Ball
1-2: Strikes out looking
Batting: LHB Graig Nettles 0-0: Foul Ball, location: 2F
0-1: Ball
1-1: Ball
2-1: Swinging Strike
2-2: Fly out, F9 (Flyball, 89S, EV 91.3 MPH)
Bottom of the 5th over - 0 runs, 1 hit, 0 errors, 3 left on base; Millbrae 9 - Border City 0
TOP OF THE 6TH
Millbrae Fleas batting - Pitching for Border City Buck$ : RHP Dick Calmus
Batting: LHB Harvey Moneur 0-0: Called Strike
0-1: SINGLE (Line Drive, 8RS, EV 98.1 MPH)
Batting: RHB Jeff Bailey 0-0: Swinging Strike
0-1: Swinging Strike
0-2: Ball
1-2: Strikes out swinging
Batting: RHB Wally Ford 0-0: Ball
1-0: Foul Ball, location: 2F
1-1: Called Strike
1-2: Ball
2-2: Foul Ball, location: 7LDF
2-2: Foul Ball, location: 23F
2-2: Grounds into double play, 6-4-3 (Groundball, 6, EV 81.9 MPH)
Top of the 6th over - 0 runs, 1 hit, 0 errors, 0 left on base; Millbrae 9 - Border City 0
BOTTOM OF THE 6TH
Border City Buck$ batting - Pitching for Millbrae Fleas : RHP Eric Dukes
Batting: RHB Bill Melton 0-0: Ball
1-0: Ball
2-0: Ball
3-0: Called Strike
3-1: Base on Balls
Batting: LHB José Féliz 0-0: Called Strike
0-1: Called Strike
0-2: SINGLE (Groundball, 3D, EV 98.1 MPH)
Bill Melton to second
Batting: RHB Ron Hunt 0-0: Called Strike
0-1: Called Strike
0-2: Strikes out looking
Batting: LHB Juan Torres 0-0: Foul Ball, location: 5FF
0-1: Ball
1-1: Called Strike
1-2: Ball
2-2: TRIPLE (Flyball, 89XD, EV 86.9 MPH)
Bill Melton scores
José Féliz scores
Pitching: RHP Vince Padgett
Batting: LHB Terence Ellison 0-0: Ball
1-0: Ball
2-0: Called Strike
2-1: Foul Ball, location: 5F
2-2: Ground out 4-3 (Groundball, 4MS, EV 88.8 MPH)
Juan Torres scores
Batting: LHB Dave May 0-0: Ball
1-0: Foul Ball, location: 9LMF
1-1: SINGLE (Groundball, 34D, EV 95.6 MPH)
Batting: RHB Bob Daniel 0-0: Fly out, F7 (Flyball, 78M, EV 93.1 MPH)
Bottom of the 6th over - 3 runs, 3 hits, 0 errors, 1 left on base; Millbrae 9 - Border City 3
TOP OF THE 7TH
Millbrae Fleas batting - Pitching for Border City Buck$ : RHP Dick Calmus
Batting: RHB Rob Dyer 0-0: Ball
1-0: Ground out 6-3 (Groundball, P, EV 80.0 MPH)
Batting: RHB Ronald Williams 0-0: Ball
1-0: Called Strike
1-1: Ball
2-1: Foul Ball, location: 2F
2-2: Ground out 1-3 (Groundball, 25, EV 68.1 MPH)
Batting: LHB Bill Baldwin 0-0: Swinging Strike
0-1: Ball
1-1: SINGLE (Groundball, 6M, EV 102.5 MPH) (infield hit)
Batting: LHB Sergio García 0-0: Ball
1-0: Ball
2-0: Called Strike
2-1: Called Strike
2-2: Ball
3-2: Base on Balls
Bill Baldwin to second
Pitching: RHP Jack Aker
Batting: RHB Nathan Martínez 0-0: Ball
1-0: Ball
2-0: DOUBLE (Line Drive, 9LM, EV 106.3 MPH)
Bill Baldwin scores
Sergio García to third
Batting: RHB Tomás Hernández 0-0: Swinging Strike
0-1: Foul Ball, location: 7LSF
0-2: Foul Ball, location: 25FF
0-2: Strikes out swinging
Top of the 7th over - 1 run, 2 hits, 0 errors, 2 left on base; Millbrae 10 - Border City 3
BOTTOM OF THE 7TH
Border City Buck$ batting - Pitching for Millbrae Fleas : RHP Vince Padgett
Batting: LHB David Copeland 0-0: Called Strike
0-1: Ball
1-1: Ball
2-1: Swinging Strike
2-2: Foul Ball, location: 2F
2-2: Ball
3-2: Strikes out looking
Batting: LHB Graig Nettles 0-0: Called Strike
0-1: Ball
1-1: Ball
2-1: Foul Ball, location: 5DF
2-2: Ball
3-2: Base on Balls
Batting: RHB Bill Melton 0-0: Ball
1-0: Ball
2-0: Ball
3-0: Base on Balls
Graig Nettles to second
Batting: LHB José Féliz 0-0: Ball
1-0: Called Strike
1-1: Ball
2-1: Called Strike
2-2: Fielders Choice at 2nd, 4-6 (Groundball, 4MD, EV 95.6 MPH)
Graig Nettles to third
Batting: RHB Ron Hunt 0-0: Called Strike
0-1: Ball
1-1: Ground out U3 (Groundball, 34S, EV 86.3 MPH)
Bottom of the 7th over - 0 runs, 0 hits, 0 errors, 2 left on base; Millbrae 10 - Border City 3
TOP OF THE 8TH
Millbrae Fleas batting - Pitching for Border City Buck$ : RHP Jack Aker
Batting: LHB Harvey Moneur 0-0: Foul Ball, location: 7LDF
0-1: Ball
1-1: SINGLE (Line Drive, 7S, EV 101.3 MPH)
Batting: RHB Jeff Bailey 0-0: Ball
1-0: Foul Ball, location: 5FF
1-1: Called Strike
1-2: Ball
2-2: Foul Ball, location: 2F
2-2: Grounds into double play, 4-6-3 (Groundball, 4M, EV 78.8 MPH)
Pinch Hitting: LHB Ken Carter 0-0: Called Strike
0-1: Foul Ball, location: 3FF
0-2: Foul Ball, location: 3DF
0-2: Ball
1-2: Ball
2-2: Ball
3-2: Ground out 4-3 (Groundball, 4D, EV 95.0 MPH)
Top of the 8th over - 0 runs, 1 hit, 0 errors, 0 left on base; Millbrae 10 - Border City 3
BOTTOM OF THE 8TH
Border City Buck$ batting - Pitching for Millbrae Fleas : RHP Vince Padgett
Now at 2B: Tomás Hernández
Now at SS: Ken Carter
Batting: LHB Juan Torres 0-0: Ground out 5-3 (Groundball, 5, EV 84.4 MPH)
Batting: LHB Terence Ellison 0-0: Called Strike
0-1: Ground out 4-3 (Groundball, 34D, EV 87.5 MPH)
Batting: LHB Dave May 0-0: Ball
1-0: Called Strike
1-1: Ball
2-1: Called Strike
2-2: Ball
3-2: Foul Ball, location: 9LSF
3-2: Base on Balls
Batting: RHB Bob Daniel 0-0: Ground out U3 (Groundball, 3L, EV 85.0 MPH)
Bottom of the 8th over - 0 runs, 0 hits, 0 errors, 1 left on base; Millbrae 10 - Border City 3
TOP OF THE 9TH
Millbrae Fleas batting - Pitching for Border City Buck$ : RHP Jack Aker
Batting: RHB Rob Dyer 0-0: Foul Ball, location: 5DF
0-1: Foul Ball, location: 7LSF
0-2: Ground out 5-3 (Groundball, 5L, EV 77.5 MPH)
Batting: RHB Ronald Williams 0-0: Ball
1-0: Ball
2-0: Ball
3-0: Swinging Strike
3-1: Ground out 3-1 (Groundball, 34, EV 103.1 MPH)
Batting: LHB Bill Baldwin 0-0: Called Strike
0-1: Ball
1-1: DOUBLE (Flyball, 78D, EV 99.4 MPH)
Batting: LHB Sergio García 0-0: Called Strike
0-1: Fly out, F8 (Flyball, 8RM, EV 88.8 MPH)
Top of the 9th over - 0 runs, 1 hit, 0 errors, 1 left on base; Millbrae 10 - Border City 3
BOTTOM OF THE 9TH
Border City Buck$ batting - Pitching for Millbrae Fleas : RHP Vince Padgett
Batting: LHB David Copeland 0-0: Reached on error, E4 (Line Drive, 4, EV 69.4 MPH)
Batting: LHB Graig Nettles 0-0: Ball
1-0: Swinging Strike
1-1: Swinging Strike
1-2: Strikes out swinging
Batting: RHB Bill Melton 0-0: Ball
1-0: Ball
2-0: Ball
3-0: Base on Balls
David Copeland to second
Batting: LHB José Féliz 0-0: Grounds into double play, 4-6-3 (Groundball, 4, EV 85.0 MPH)
Bottom of the 9th over - 0 runs, 0 hits, 1 error, 1 left on base; Millbrae 10 - Border City 3
Thursday, March 28th , 2024 - OOTP Baseball 24.8 Build 75